 Dungeon Sprint DCSS version 0.30-a0-377-g5cb311bc9f (webtiles) character file.

Game seed: 15281488200846611479

2130 boopmooplesden the Fencer (level 9, 0/139 HPs)
             Began as a Minotaur Berserker on Nov 29, 2022.
             Was a High Priest of Trog.
             Succumbed to a merfolk javelineer's poison
             ... in the Dungeon (Sprint VII: "The Pits").
             The game lasted 00:02:11 (657 turns).

boopmooplesden the Fencer (Minotaur Berserker)       Turns: 657, Time: 00:02:11

Health: 0/139      AC: 13    Str: 27    XL:     9   Next: 8%
Magic:  8/8        EV: 13    Int:  4    God:    Trog [*****.]
Gold:   0          SH:  0    Dex:  9    Spells: 8/8 levels left

rFire   . . .      SeeInvis .    b - +2 great sword (flame)
rCold   . . .      Faith    .    (shield currently unavailable)
rNeg    . . .      Spirit   .    p - +4 scale mail {Will+}
rPois   .          Reflect  .    (helmet restricted)
rElec   .          Harm     .    (no cloak)
rCorr   .          Rampage  .    (no gloves)
Will    +....      NoTele   +    o - +0 pair of boots
Stlth   ..........               (no amulet)
HPRegen 0.43/turn                (no ring)
MPRegen 0.11/turn                (no ring)

@: berserking (expiring), lethally poisoned (0 -> -5), very quick
A: horns 2, retaliatory headbutt
a: Renounce Religion, Berserk, Trog's Hand, Brothers in Arms


You were in the Dungeon.
You worshipped Trog.
Trog was extremely pleased with you.
You visited 1 branch

Inventory:

Hand Weapons
 b - a +2 great sword of flaming (weapon)
 i - a +1 long sword of holy wrath
 n - a +2 vorpal scimitar
Armour
 j - a +3 chain mail
 o - a +0 pair of boots (worn)
 p - a +4 scale mail of willpower (worn)
Jewellery
 k - a +3 ring of strength
 l - a +3 ring of evasion
Wands
 a - a wand of quicksilver (3)
Scrolls
 h - a scroll of blinking
 r - a scroll of summoning
Potions
 c - 6 potions of curing
 d - 14 potions of heal wounds
 e - a potion of haste
 f - 4 potions of magic
 g - 4 potions of berserk rage
 m - 3 potions of might
 q - 2 potions of invisibility


   Skills:
 + Level 13.6 Fighting
 + Level 15.6 Long Blades
 + Level 9.0 Armour
 + Level 9.5 Dodging
 + Level 3.1 Stealth


You had 8 spell levels left.
You didn't know any spells.
Your spell library was empty.

Dungeon Overview and Level Annotations

Branches:
Dungeon (1/1)

Altars:


Innate Abilities, Weirdness & Mutations

You have a pair of horns on your head.
You reflexively headbutt those who attack you in melee.


Message History

The merfolk hits you with a +0 trident!
The merfolk javelineer completely misses you.
You slash the merfolk! You burn the merfolk.
The merfolk is severely wounded.
You feel sick.
The merfolk hits you from afar with a +0 trident.
The merfolk javelineer misses you.
You feel sick. The merfolk hits you with a +0 trident!
There is a huge open gate to the Metal Vault (Medium), spattered with blood here.
You closely miss the merfolk javelineer.
You headbutt the merfolk javelineer.
The merfolk javelineer is lightly wounded.
You feel sick. The merfolk completely misses you. You furiously retaliate!
You headbutt the merfolk!!
You kill the merfolk!
Trog accepts your kill. The merfolk hits you with a +0 trident.
The merfolk javelineer throws a silver javelin.
The silver javelin pierces through you!!
* * * LOW HITPOINT WARNING * * *
x2 The merfolk hits you with a +0 trident.
* * * LOW HITPOINT WARNING * * *
Your Armour skill increases to level 9!
You have reached level 9!
Your experience leads to an increase in your attributes!
Increase (S)trength, (I)ntelligence, or (D)exterity?
You feel stronger. x2
You slash the merfolk javelineer! You burn the merfolk javelineer!
You headbutt the merfolk javelineer!
The merfolk javelineer is heavily wounded.
You feel sick. The merfolk hits you with a +0 trident!
* * * LOW HITPOINT WARNING * * *
The merfolk javelineer throws a silver javelin.
The silver javelin pierces through you.
* * * LOW HITPOINT WARNING * * *
x2 You slice the merfolk javelineer!!
You burn the merfolk javelineer! You headbutt the merfolk javelineer.
You kill the merfolk javelineer!
Trog accepts your kill.
You die...

##########++######
####+##................#
)))'.##......#..#......#
####.##................+
......'................+
#'#####......#..#......#
..#.[##.........)......#
..#))#####'#####@m#####
###))##.......##m)#
..#).##.......##o...
..#..##.......##......
†.#'###...<...##.....##
†....##.......##...###
...[.##.......##..##
#######.......##++#
.##..##########


You could see 2 merfolk and an orc.

Vanquished Creatures
  A merfolk javelineer (D)
  A two-headed ogre (D)
  A deep troll (D)
  A merfolk (D)
  A flying skull (D)
  A redback (D)
  A warg (D)
  3 floating eyes (D)
  A hound (D)
  Ijyb (D)
  An orc wizard (D)
  A mummy (D)
  2 white imps (D)
  3 orcs (D)
  A bat skeleton (D)
  An endoplasm (D)
  A hobgoblin (D)
  4 jackals (D)
  A quokka (D)
  2 ball pythons (D)
  A frilled lizard (D)
  A kobold (D)
  A rat (D)
32 creatures vanquished.

Notes
Turn   | Place    | Note
-------+----------+-------------------------------------------
     0 | D        | boopmooplesden the Minotaur Berserker began the quest for
                  | the Orb.
     0 | D        | Reached XP level 1. HP: 19/19 MP: 0/0
    16 | D        | Noticed a floating eye
    21 | D        | Reached skill level 4 in Long Blades
    22 | D        | Paralysed by a floating eye for 3 turns
    26 | D        | Killed a floating eye
    26 | D        | Reached ** piety under Trog
    27 | D        | Reached skill level 7 in Long Blades
    27 | D        | Reached skill level 1 in Stealth
    27 | D        | Reached XP level 2. HP: 31/34 MP: 1/1
    27 | D        | Reached XP level 3. HP: 35/39 MP: 2/2
    27 | D        | Reached XP level 4. HP: 43/47 MP: 3/3
    51 | D        | Noticed a floating eye
    53 | D        | Killed a floating eye
    53 | D        | Reached *** piety under Trog
    54 | D        | Reached skill level 9 in Long Blades
    54 | D        | Reached skill level 5 in Armour
    54 | D        | Reached XP level 5. HP: 56/56 MP: 4/4
    61 | D        | Reached **** piety under Trog
    66 | D        | Reached skill level 5 in Dodging
   136 | D        | Noticed a warg
   136 | D        | Noticed a floating eye
   144 | D        | Paralysed by a floating eye for 4 turns
   149 | D        | Reached ***** piety under Trog
   155 | D        | Reached skill level 10 in Long Blades
   155 | D        | Reached XP level 6. HP: 64/64 MP: 5/5
   157 | D        | Killed a warg
   158 | D        | Reached skill level 10 in Fighting
   158 | D        | Reached skill level 11 in Long Blades
   159 | D        | Killed a floating eye
   164 | D        | Received a gift from Trog
   187 | D        | Noticed a flying skull
   195 | D        | Killed a flying skull
   196 | D        | Reached skill level 12 in Long Blades
   196 | D        | Reached XP level 7. HP: 72/74 MP: 6/6
   301 | D        | Noticed a deep troll
   310 | D        | Killed a deep troll
   311 | D        | Reached skill level 13 in Long Blades
   311 | D        | Reached XP level 8. HP: 49/85 MP: 7/7
   456 | D        | Noticed Ijyb
   463 | D        | Killed Ijyb
   464 | D        | Reached skill level 14 in Long Blades
   476 | D        | Noticed a two-headed ogre
   481 | D        | Received a gift from Trog
   486 | D        | Killed a two-headed ogre
   487 | D        | Reached skill level 15 in Long Blades
   643 | D        | Noticed a merfolk javelineer
   643 | D        | Noticed a merfolk
   643 | D        | Noticed a merfolk
   643 | D        | Noticed a merfolk
   655 | D        | Killed a merfolk
   656 | D        | Reached XP level 9. HP: 26/93 MP: 8/8
   656 | D        | HP: 3/139 [merfolk javelineer/silver javelin (5)]
   656 | D        | HP: 1/139 [merfolk javelineer/silver javelin (2)]
   657 | D        | Killed a merfolk javelineer
   657 | D        | Succumbed to a merfolk javelineer's poison

Illustrated notes

Levels and vault maps discovered:
D:        pitsprint [storerooms_1, entrance_room_1, metal_vault_4, armoury_2,
          mini_pit_1, grid_room_1, main_hall_1, silver_pit, the_coven_1,
          the_vestibule_1, steel_vault_3, golden_pit, hallway_of_sentries,
          crystal_vault_1, iron_vault_5, final_vault]

Skill      XL: |  1  2  3  4  5  6  7  8 |
---------------+-------------------------+-----
Fighting       | 7 8 9 11 12 13 | 13.6
Long Blades    | 7 9 10 12 13 15 | 15.6
Armour         | 4 5 6 7 9 |  9.0
Dodging        | 3 4 5 7 8 9 |  9.5
Stealth        | 1 2 3 |  3.1

Action                   |  1- 3 |  4- 6 |  7- 9 || total
-------------------------+-------+-------+-------++-------
Melee: Falchion          |     9 |    12 |       ||    21
       Headbutt          |     1 |     8 |     8 ||    17
       Long sword        |       |    26 |    28 ||    54
       Great sword       |       |       |     8 ||     8
Invok: Berserk           |       |     2 |     3 ||     5
 Stab: Sleeping          |     1 |       |       ||     1
Armor: Animal skin       |     1 |     2 |       ||     3
       Chain mail        |       |    14 |     4 ||    18
       Scale mail        |       |       |     3 ||     3
Dodge: Dodged            |     4 |    24 |    18 ||    46

Table legend: (Time is in decaauts)
 A = Elapsed time spent in this place.
 B = Non-inter-level travel time spent in this place.
 C = Inter-level travel time spent in this place.
 D = Time resting spent in this place.
 E = Time spent auto-exploring this place.
 F = Levels seen in this place.
 G = Mean time per level.
                   A        B        C        D        E       F      G
               +--------+--------+--------+--------+--------+-----+--------+
         Total |    678 |    678 |      0 |    280 |      0 |   1 |  678.0 |
       Dungeon |    678 |    678 |      0 |    280 |      0 |   1 |  678.0 |
               +--------+--------+--------+--------+--------+-----+--------+

Top non-repeatable levels by time:
       D: 678 daAuts
